 Dungeon Crawl Stone Soup version 0.16-a0-3706-g5dff784 (console) character file.

294 MrRokkomies the Sneak (level 6, -4/42 HPs)
             Began as an Octopode Assassin on Jan 19, 2015.
             Slain by Blork the orc
             ... wielding a +0 glaive
              (11 damage)
             ... on level 4 of the Dungeon.
             The game lasted 00:08:59 (2297 turns).

MrRokkomies the Sneak (Octopode Assassin)           Turns: 2297, Time: 00:08:59

Health: -4/42      AC:  1    Str: 10    XL:     6   Next: 33%
Magic:  6/6        EV: 11    Int: 15    God:
Gold:   109        SH:  4    Dex: 14    Spells: 0 memorised, 5 levels left

rFire  . . .     SeeInvis .     b - +1 blowgun
rCold  . . .     Clarity  .     j - +0 buckler
rNeg   . . .     SustAb   .     (helmet restricted)
rPois  .         Gourm    .     (no amulet)
rElec  .         Spirit   .     (no ring)
rCorr  .         Warding  .     (no ring)
rMut   .         Stasis   .     (no ring)
MR     .....                    (no ring)
Stlth  +++++.....               (no ring)
                                (no ring)
                                (no ring)
                                (no ring)

@: not resistant to hostile enchantments, quite stealthy
A: almost no armour, amphibious, 8 rings, constrict 8, camouflage 1, gelatinous
body 1
a: no special abilities


You were on level 4 of the Dungeon.
You were not hungry.

You visited 1 branch of the dungeon, and saw 4 of its levels.

You collected 109 gold pieces.

Inventory:

Hand weapons
 a - a +1 dagger of venom
 b - a +1 blowgun (weapon)
Missiles
 e - 32 poisoned needles (quivered)
 f - 2 curare-tipped needles
 i - 4 tomahawks
 k - 3 needles of paralysis
 l - a throwing net
 q - 8 javelins
Armour
 j - a +0 buckler (worn)
Magical devices
 m - a wand of enslavement (8)
 t - a wand of polymorph (14)
Scrolls
 h - 2 scrolls of teleportation {unknown}
 w - a scroll of fear {unknown}
 y - a scroll of remove curse
Potions
 c - a potion of agility
 d - 2 potions of brilliance {unknown}
 p - 2 potions of haste {unknown}
 s - a potion of resistance {unknown}
 v - a potion of curing {unknown}
 x - a potion of heal wounds {unknown}
 z - a potion of magic {unknown}
Comestibles
 g - 4 bread rations
 n - 4 fruits
 o - a meat ration
 r - 3 chunks of flesh
 u - a beef jerky


   Skills:
 + Level 3.5 Fighting
 * Level 4.4 Short Blades
 - Level 2.0 Throwing
 - Level 1.0 Dodging
 - Level 6.0 Stealth
 * Level 2.8 Shields


You had 5 spell levels left.
You didn't know any spells.

Dungeon Overview and Level Annotations

Branches:
Dungeon (4/15)
 Temple: D:4-7

Altars:
Dithmenos
Elyvilon

Annotations:
D:3 Tyryt0's ghost, average OpMo
D:4 Blork the orc


Innate Abilities, Weirdness & Mutations

You cannot wear most types of armour.
You are amphibious.
You can wear up to eight rings at the same time.
You can use your tentacles to constrict many enemies at once.
Your skin changes colour to match your surroundings (Stealth).
Your rubbery body absorbs attacks (AC +1).


Message History

Okay, then.
Read which item? (? for menu, Esc to quit)
Okay, then.
You kill the worker ant!
The adder barely misses you.
Found an escape hatch in the floor.
The adder closely misses you.
Blork the orc mumbles some strange words.
Blork the orc seems to speed up.
Your +1 dagger of venom stops dripping with poison.
b - a +1 blowgun (weapon)
The adder bites you.
* * * LOW HITPOINT WARNING * * *
Firing (i - inventory. (,) - cycle):
e - 33 poisoned needles (quivered)
Press: ? - help, Shift-Dir - straight line, f - adder
Aim: an adder You shoot a poisoned needle.
The poisoned needle hits the adder!
The adder is poisoned.
The adder misses you.
Blork the orc hits you from afar with a glaive!
You die...

.. #.......?.....
....####......#
#........####.# #........# .#
..######.####...> . . . #.#
#............. ## #...
#.####.#o#####.....#. ...
#.##...#S# ###.###... # ..
#....###@###...###..##.#
#.###.†.## #..............
#.#...#.####.......#.##.#####
#...###.....................<
##..# #####†..#.....###.####.
#.## ###.#.#.##.####.....#
#.# ##.......##...######..
#.## #..#...####...# ###
##..# #.#...## #...# ##


You could see Blork the orc and an adder.

Vanquished Creatures
  2 ogres (D:4)
  A worker ant (D:4)
  A gnoll (D:1)
  3 adders
  5 giant geckos
  An ooze (D:4)
  3 orcs
  A ball python (D:4)
  3 giant cockroaches
  5 hobgoblins
  8 jackals
  A quokka (D:3)
  9 bats
  A giant newt (D:1)
  7 goblins
  7 kobolds
  4 rats
62 creatures vanquished.

Vanquished Creatures (others)
  A bat (D:3)
1 creature vanquished.

Grand Total: 63 creatures vanquished

Notes
Turn   | Place    | Note
--------------------------------------------------------------
     0 | D:1      | MrRokkomies, the Octopode Assassin, began the quest for the Orb.
     0 | D:1      | Reached XP level 1. HP: 14/14 MP: 1/1
   237 | D:1      | Reached XP level 2. HP: 19/19 MP: 2/2
   627 | D:1      | Reached XP level 3. HP: 23/25 MP: 3/3
  1252 | D:2      | Reached skill level 6 in Stealth
  1646 | D:3      | Found a white marble altar of Elyvilon.
  1681 | D:3      | Reached XP level 4. HP: 30/30 MP: 4/4
  1792 | D:3      | Noticed Tyryt0's ghost (average OpMo)
  2073 | D:4      | Noticed an ogre
  2088 | D:4      | Killed an ogre
  2088 | D:4      | Reached skill level 1 in Shields
  2088 | D:4      | Reached XP level 5. HP: 32/36 MP: 5/5
  2177 | D:4      | Noticed an ogre
  2208 | D:4      | Killed an ogre
  2208 | D:4      | Reached XP level 6. HP: 30/42 MP: 6/6
  2279 | D:4      | Found a shadowy altar of Dithmenos.
  2281 | D:4      | Noticed Blork the orc
  2297 | D:4      | Slain by Blork the orc

Action                   |  1- 3 |  4- 6 || total
-------------------------+-------+-------++-------
Melee: Dagger            |    64 |    33 ||    97
 Fire: Blowgun           |       |    11 ||    11
Throw: Throwing net      |     1 |     1 ||     2
       Javelin           |     4 |       ||     4
  Use: Scroll            |     6 |     1 ||     7
 Stab: Sleeping          |    10 |    11 ||    21
       Distracted        |       |     1 ||     1
  Eat: Chunk             |     2 |     2 ||     4
